 Dungeon Crawl Stone Soup version 0.26.1-11-gd32895ea62 (webtiles) character file.

Game seed: 16081951636429440102

262 Fusha the Sneak (level 6, -3/46 HPs)
             Began as a Human Brigand on June 16, 2021.
             Slain by a river rat (8 damage)
             ... on level 3 of the Dungeon.
             The game lasted 00:06:08 (2601 turns).

Fusha the Sneak (Human Brigand)                     Turns: 2601, Time: 00:06:08

Health: -3/46      AC:  6    Str: 11    XL:     6   Next: 42%
Magic:  6/6        EV: 13    Int: 11    God:
Gold:   150        SH:  0    Dex: 17    Spells: 5/5 levels left

rFire    . . .     SeeInvis .   g - +4 dagger (flame)
rCold    . . .     Faith    .   (no shield)
rNeg     . . .     Spirit   .   b - +0 robe
rPois    .         Reflect  .   (no helmet)
rElec    .         Harm     .   c - +0 cloak
rCorr    .         Rampage  .   t - +1 pair of gloves
Will     .....                  k - +0 pair of boots
Stlth    ++........             (no amulet)
HPRegen  0.15/turn              (no ring)
MPRegen  0.10/turn              (no ring)

@: attractive, very slow
A: no striking features
a: no special abilities


You were on level 3 of the Dungeon.
You visited 1 branch of the dungeon, and saw 3 of its levels.

You collected 150 gold pieces.

Inventory:

Hand Weapons
 a - a +2 dagger
 g - a +4 dagger of flaming (weapon)
Missiles
 d - 8 poisoned darts (quivered)
 e - 2 curare-tipped darts {!Q}
Armour
 b - a +0 robe (worn)
 c - a +0 cloak (worn)
 k - a +0 pair of boots (worn)
 t - a +1 pair of gloves (worn)
Scrolls
 j - a scroll of teleportation
 r - a scroll of identify {unknown}
Potions
 f - a potion of attraction
 i - 3 potions of lignification {unknown}
 l - a potion of heal wounds {unknown}
 n - 4 potions of curing {unknown}
 o - 2 potions of mutation {unknown}
 p - a potion of haste {unknown}


   Skills:
 + Level 2.8 Fighting
 + Level 3.7 Short Blades
 + Level 2.1 Throwing
 + Level 2.4 Dodging
 + Level 5.7 Stealth


You had 5 spell levels left.
You didn't know any spells.
Your spell library was empty.

Dungeon Overview and Level Annotations

Branches:
Dungeon (3/15)

Altars:


Message History

You barely miss the river rat.
The river rat is severely wounded.
The river rat misses you.
You barely miss the river rat.
The river rat is severely wounded.
The river rat bites you.
You closely miss the river rat.
The river rat is severely wounded.
The river rat closely misses you.
Your unstable footing causes you to fumble your attack.
The river rat bites you.
* * * LOW HITPOINT WARNING * * *
The river rat bites you.
* * * LOW HITPOINT WARNING * * *
The river rat bites you.
* * * LOW HITPOINT WARNING * * *
It was a potion of attraction.
You feel attractive to monsters. The river rat bites you!
You die...

*,* **,,,*≈≈≈**≈*≈*,,*,*,,,,,,,,
*,* **,,,,*≈*≈##≈*≈**,*,*,,,,,,,,
,,**#...,,*≈*≈#≈≈*≈*,*,,*,*,,,,,,
,,,,+.....*≈*≈#r**≈*,,,,,,*,,,,,,
,,**#.....*≈*≈#≈≈≈≈*,,,,,,*,,,,,,
*,* *#....*≈#≈#≈####*,***,*,,,,,,
*,****#...*≈#≈≈≈†≈≈#*,* *,,**,**,
,,,,,,*#..########≈#*,* *,,,,,,,,
*,***,**#+≈≈≈≈≈≈@r≈#*,* ******,**
*,* *,* #.≈≈#≈#≈####*,* ****,**
,,* *,* #..≈.≈≈≈≈≈.,*,* *,,,,,,
,** *,*##......≈....*,* *,**,*,
,****,##...........!#,* *,**,*,
,,,,,,#.....##.#..#...* *,**,*,
,***###.#).###.#.####.* *,**,,,
,,,,,..###........,,,,* *,****,
****###.#...##.###***** *,****,


You could see a river rat.

Vanquished Creatures
  A centaur (D:3)
  6 adders
  A river rat (D:3)
  3 oozes
  2 worms (D:3)
  3 dart slugs
  3 leopard geckos
  3 orcs (D:3)
  9 bats
  A giant cockroach (D:3)
  4 goblins
  10 hobgoblins
  15 jackals
  9 kobolds
  3 quokkas
  A ball python (D:1)
  2 frilled lizards
  7 rats
83 creatures vanquished.

Vanquished Creatures (others)
  A kobold (D:2)
1 creature vanquished.

Grand Total: 84 creatures vanquished

Notes
Turn   | Place    | Note
-------+----------+-------------------------------------------
     0 | D:1      | Fusha the Human Brigand began the quest for the Orb.
     0 | D:1      | Reached XP level 1. HP: 16/16 MP: 1/1
   102 | D:1      | Reached XP level 2. HP: 20/22 MP: 2/2
   402 | D:1      | Reached XP level 3. HP: 22/27 MP: 3/3
   637 | D:1      | Reached skill level 5 in Stealth
  1242 | D:2      | Reached XP level 4. HP: 33/33 MP: 4/4
  1940 | D:2      | Reached XP level 5. HP: 38/38 MP: 5/5
  2176 | D:3      | Reached skill level 3 in Short Blades
  2364 | D:3      | Noticed a centaur
  2373 | D:3      | Killed a centaur
  2374 | D:3      | Reached skill level 2 in Dodging
  2374 | D:3      | Reached XP level 6. HP: 20/46 MP: 6/6
  2601 | D:3      | Slain by a river rat

Illustrated notes

Levels and vault maps discovered:
D:1:      onia_arrival_mini_maze_b, layout_basic, minmay_tromino_v7
D:2:      layout_rooms, lemuel_old_faithful
D:3:      cheibrodos_old_hovel, layout_loops_corners, lightli_sewer_entry_pipes

Skill      XL: |  1  2  3  4  5 |
---------------+----------------+-----
Stealth        | 5 |  5.7
Short Blades   | 3 |  3.7
Dodging        | 2 |  2.4
Fighting       | |  2.8
Throwing       | |  2.1

Action                   |  1- 3 |  4- 6 || total
-------------------------+-------+-------++-------
Melee: Dagger            |    83 |   177 ||   260
Throw: Dart              |       |     8 ||     8
  Use: Scroll            |       |     6 ||     6
       Potion            |       |     1 ||     1
 Stab: Sleeping          |     6 |     5 ||    11
       Distracted        |       |     1 ||     1
Armor: Robe              |    23 |    49 ||    72
Dodge: Dodged            |    47 |   119 ||   166
